 Dungeon Crawl Stone Soup version 0.28-a0-1510-gd0f6b136d3 (webtiles) character file.

Game seed: 252917575524329669

37 psuckher the Slasher (level 3, -6/35 HPs)
             Began as a Gnoll Cinder Acolyte on Jan 14, 2022.
             Was a Believer of Lugonu.
             Mangled by a fire elemental (13 damage)
             ... created by the fiery vengeance of Ignis
             ... on level 2 of the Dungeon.
             The game lasted 00:04:52 (781 turns).

psuckher the Slasher (Gnoll Cinder Acolyte)          Turns: 781, Time: 00:04:52

Health: -6/35      AC:  2    Str: 15    XL:     3   Next: 41%
Magic:  7/7        EV: 11    Int: 13    God:    Lugonu [**....]
Gold:   32         SH:  0    Dex:  7    Spells: 7/7 levels left

rFire   . . .      SeeInvis .   a - -1 falchion (flame)
rCold   . . .      Faith    .   (no shield)
rNeg    . . .      Spirit   .   b - +0 robe
rPois   .          Reflect  .   (no helmet)
rElec   .          Harm     .   (no cloak)
rCorr   .          Rampage  .   (no gloves)
Will    .....                   (no boots)
Stlth   +.........              (no amulet)
HPRegen 0.11/turn               (no ring)
MPRegen 0.10/turn               (no ring)

@: fire susceptible
A: fangs 1, strong nose, distributed training
a: Renounce Religion, Depart the Abyss, Bend Space


You were on level 2 of the Dungeon.
You worshipped Lugonu.
Lugonu was pleased with you.
You visited 1 branch of the dungeon, and saw 2 of its levels.

You collected 32 gold pieces.

Inventory:

Hand Weapons
 a - a -1 falchion of flaming (weapon)
Missiles
 g - 4 boomerangs (quivered)
Armour
 b - a +0 robe (worn)
 e - a +0 ring mail
 h - a +0 leather armour
Scrolls
 d - a scroll of fear
 i - a scroll of amnesia {unknown}
Potions
 c - a potion of berserk rage {unknown}
 f - a potion of might {unknown}


   Skills:
 + Level 6.5 Fighting
 + Level 0.8 Short Blades
 + Level 6.5 Long Blades
 + Level 0.8 Axes
 + Level 0.8 Maces & Flails
 + Level 0.8 Polearms
 + Level 0.8 Staves
 + Level 0.8 Slings
 + Level 0.8 Bows
 + Level 0.8 Crossbows
 + Level 0.8 Throwing
 + Level 0.8 Armour
 + Level 0.8 Dodging
 + Level 0.8 Stealth
 + Level 0.8 Shields
 + Level 0.8 Unarmed Combat
 + Level 2.8 Spellcasting
 + Level 0.5 Conjurations
 + Level 0.5 Hexes
 + Level 0.5 Summonings
 + Level 0.5 Necromancy
 + Level 0.5 Translocations
 + Level 0.5 Transmutations
 + Level 5.4 Fire Magic
 + Level 0.5 Ice Magic
 + Level 0.5 Air Magic
 + Level 0.5 Earth Magic
 + Level 0.5 Poison Magic
 + Level 1.0 Invocations
 + Level 0.8 Evocations


You had 7 spell levels left.
You didn't know any spells.
Your spell library contained the following spells:

 Spells                   Type           Power      Damage    Failure   Level
 Scorch                   Fire           30%        2d7       3%          2
 Beastly Appendage        Tmut           6%         N/A       19%         1
 Wereblood                Tmut           3%         N/A       28%         2
 Spider Form              Tmut/Pois      3%         N/A       50%         3


Dungeon Overview and Level Annotations

Branches:
Dungeon (2/15)

Altars:
Lugonu


Innate Abilities, Weirdness & Mutations

You have very sharp teeth.
Your uncanny sense of smell can sniff out nearby items.
Your experience applies equally to all skills.


Message History

Lugonu accepts your kill. The worm barely misses you.
You hit the worm. You burn the worm.
The worm is lightly wounded.
The worm bites you!
You hit the worm. You burn the worm. You bite the worm, but do no damage.
The worm is moderately wounded.
You barely miss the worm.
The worm is moderately wounded.
The worm bites you.
You hit the worm. You burn the worm.
The worm is heavily wounded.
The worm barely misses you.
You barely miss the worm.
The worm is heavily wounded.
You slash the worm! You burn the worm.
You kill the worm!
Lugonu accepts your kill.
Your Invocations skill increases to level 1!
There is a large open door here.
Found a scroll labelled GAERIE XEDAECH.
j - a scroll labelled GAERIE XEDAECH "Burn!
Burn until nothing is left!" 3 fire elementals come into view.
The fire elemental barely misses you.
You hit the fire elemental but do no damage.
The fire elemental closely misses you. The fire elemental hits you.
The fire elemental burns you!
You slash the fire elemental!
You bite the fire elemental, but do no damage.
The fire elemental is moderately damaged.
The fire elemental hits you. The fire elemental burns you!
* * * LOW HITPOINT WARNING * * *
As you read the scroll labelled GAERIE XEDAECH, it crumbles to dust.
It is a scroll of identify.
d - a scroll of fear The fire elemental hits you.
* * * LOW HITPOINT WARNING * * *
The fire elemental burns you!
You die...

#...... ..#
#...... ...
..#####..#### #.#
#........#### ##.#
##.###....... ∆..#
#.# ###.#### #.#
#.# #.####
#.#####.# #.....
#@EEE○..#######...
#####°..........#.
###########...
##.# .# .# .# .#
.#


You could see 3 fire elementals.

Vanquished Creatures
  A worm (D:2)
  2 dart slugs (D:1)
  3 ball pythons
  3 bats
  2 endoplasms (D:1)
  A giant cockroach (D:1)
  4 hobgoblins (D:1)
  4 jackals (D:2)
  3 kobolds
  2 frilled lizards (D:1)
  A goblin (D:1)
  2 rats (D:1)
28 creatures vanquished.

Notes
Turn   | Place    | Note
-------+----------+-------------------------------------------
     0 | D:1      | psuckher the Gnoll Cinder Acolyte began the quest for the
                  | Orb.
     0 | D:1      | Reached XP level 1. HP: 23/23 MP: 4/4
    47 | D:1      | Reached XP level 2. HP: 19/29 MP: 5/5
   345 | D:1      | Reached XP level 3. HP: 14/35 MP: 7/7
   346 | D:1      | Found a faded altar of an unknown god.
   359 | D:1      | Prayed at the altar of an unknown god.
   359 | D:1      | Fell from the grace of Ignis
   359 | D:1      | Became a worshipper of Lugonu the Unformed
   359 | D:1      | Reached * piety under Lugonu
   359 | D:1      | Reached ** piety under Lugonu
   734 | D:2      | Reached skill level 1 in Invocations
   774 | D:2      | Noticed a fire elemental
   774 | D:2      | Noticed a fire elemental
   774 | D:2      | Noticed a fire elemental
   781 | D:2      | Mangled by a fire elemental

Illustrated notes

Levels and vault maps discovered:
D:1:      nzn_arrival_crosshair, layout_loops_cross,
          shapermc_ecumenical_altar_pompeii,
          nicolae_concentric_dashed_squares_wild
D:2:      layout_loops_ring, basic_altar, kennysheep_generic_room_3

Skill      XL: |  1  2  3 |
---------------+----------+-----
Invocations    | 1 |  1.0
Fighting       | |  6.5
Short Blades   | |  0.8
Long Blades    | |  6.5
Axes           | |  0.8
Maces & Flails | |  0.8
Polearms       | |  0.8
Staves         | |  0.8
Slings         | |  0.8
Bows           | |  0.8
Crossbows      | |  0.8
Throwing       | |  0.8
Armour         | |  0.8
Dodging        | |  0.8
Stealth        | |  0.8
Shields        | |  0.8
Unarmed Combat | |  0.8
Spellcasting   | |  2.8
Conjurations   | |  0.5
Hexes          | |  0.5
Summonings     | |  0.5
Necromancy     | |  0.5
Translocations | |  0.5
Transmutations | |  0.5
Fire Magic     | |  5.4
Ice Magic      | |  0.5
Air Magic      | |  0.5
Earth Magic    | |  0.5
Poison Magic   | |  0.5
Evocations     | |  0.8

Action                   || total
-------------------------++-------
Melee: Falchion          ||    70
       Bite              ||     5
  Use: Scroll            ||     1
Armor: Robe              ||    20
Dodge: Dodged            ||    56

Table legend: (Time is in decaauts)
 A = Elapsed time spent in this place.
 B = Non-inter-level travel time spent in this place.
 C = Inter-level travel time spent in this place.
 D = Time resting spent in this place.
 E = Time spent auto-exploring this place.
 F = Levels seen in this place.
 G = Mean time per level.
                   A        B        C        D        E       F      G
               +--------+--------+--------+--------+--------+-----+--------+
         Total |    778 |    757 |     21 |      0 |      0 |   2 |  389.0 |
       Dungeon |    778 |    757 |     21 |      0 |      0 |   2 |  389.0 |
               +--------+--------+--------+--------+--------+-----+--------+

Top non-repeatable levels by time:
     D:1: 557 daAuts
     D:2: 221 daAuts
